 Dungeon Crawl Stone Soup version 0.30-a0-170-g85af917532 (webtiles) character file.

Game seed: 1687615531219856128

329 qw the Chopper (level 6, -1/38 HPs)
             Began as a Gargoyle Fighter on Sept 30, 2022.
             Killed by divine providence
             ... invoked by an orc priest
              (11 damage)
             ... on level 3 of the Dungeon.
             The game lasted 00:01:13 (3356 turns).

qw the Chopper (Gargoyle Fighter)                   Turns: 3356, Time: 00:01:14

Health: -1/38      AC: 18    Str: 22    XL:     6   Next: 50%
Magic:  6/6        EV:  7    Int:  8    God:
Gold:   202        SH:  4    Dex:  9    Spells: 5/5 levels left

rFire   . . .      SeeInvis .    Y - +0 war axe
rCold   . . .      Faith    .    c - +0 buckler
rNeg    + + .      Spirit   .    j - +0 chain mail
rPois   inf        Reflect  .    (no helmet)
rElec   +          Harm     .    g - +1 cloak
rCorr   .          Rampage  .    (no gloves)
Will    .....                    i - +2 pair of boots
Stlth   ..........               (no amulet)
HPRegen 0.12/turn                f - ring of positive energy
MPRegen 0.10/turn                (no ring)

@: no status effects
A: sickness immunity, AC +4, negative energy resistance 1, electricity
resistance, torment resistance 1, petrification resistance
a: no special abilities


You were on level 3 of the Dungeon.
You visited 1 branch of the dungeon, and saw 3 of its levels.

You collected 202 gold pieces.


Innate Abilities, Weirdness & Mutations

You are immune to sickness and miasma.
Your stone body is resilient. (AC +4)
You are immune to poison.
You resist negative energy. (rN+)
You are resistant to electric shocks. (rElec)
You are resistant to unholy torment.
You are immune to petrification.


   Skills:
 + Level 3.6 Fighting
 - Level 5.9 Axes
 - Level 3.2 Armour
 - Level 3.2 Shields


You had 5 spell levels left.
You didn't know any spells.
Your spell library was empty.

Inventory:

Hand Weapons
 b - a +0 flail
 Y - a +0 war axe (weapon)
Missiles
 n - 4 boomerangs (quivered)
Armour
 c - a +0 buckler (worn)
 g - a +1 cloak (worn)
 i - a +2 pair of boots (worn)
 j - a +0 chain mail (worn)
Jewellery
 f - a ring of positive energy (left hand)
 k - a ring of fire
Scrolls
 h - a scroll of fog {unknown}
 m - 3 scrolls of identify
 o - a scroll of magic mapping {unknown}
Potions
 d - 3 potions of might
 e - 2 potions of attraction
 l - 3 potions of curing

Dungeon Overview and Level Annotations

Branches:
Dungeon (3/15)

Altars:
Hepliaklqana
Yredelemnul

Shops:
D:1 [


Message History

The orc shouts!
You hear a shout!
An orc priest comes into view. It is wielding a +0 flail.
3344 ||| Stepping ~*~*~tactically~*~*~ (hiding).
3345 ||| Stepping ~*~*~tactically~*~*~ (hiding).
You hit the orc.
The orc is lightly wounded.
The orc priest mumbles some strange prayers to Beogh against you.
Beogh smites you! The orc barely misses you.
You hit the orc.
The orc is moderately wounded.
You block the orc's attack.
You barely miss the orc.
The orc is moderately wounded.
You hit the orc.
The orc is severely wounded.
You slash the orc priest! The orc closely misses you.
The orc priest invokes the aid of Beogh against you.
Beogh smites you! The orc hits you but does no damage.
The orc priest hits you with a +0 flail.
3351 ||| READING scroll of teleportation.
As you read the scroll of teleportation, it crumbles to dust.
You feel strangely unstable. The orc priest barely misses you.
The orc hits you but does no damage.
You closely miss the orc.
The orc is severely wounded.
You barely miss the orc priest.
The orc priest looks satisfied for a moment.
The orc hits you but does no damage.
You hit the orc.
You kill the orc!
You completely miss the orc priest.
Your surroundings suddenly seem different.
You start resting.
An orc priest is nearby!
You hit the orc priest.
The orc priest is almost dead.
The orc priest calls down the wrath of Beogh upon you.
Beogh smites you!
You die...

#.##.#.#...#
#..........#
#.##.#.#.#.##
######...###
#.##......... #.....#
#........#.# ###
####)## #........#
...# #..# ##..)#####
###...## ##.# #8....8#
#8....8# #.. ##.....##
##.....### #..
##...)o#
#@....##.##### #..
##.....}o....###.....#
### #8.........8#
#####.# #
###.......### #.#####
##.....## #..##..
##...## ##..... 8...8
####.. ##...## #.. #..


You could see an orc priest.

Vanquished Creatures
  Grinder (D:3)
  4 adders
  A worm (D:2)
  A dart slug (D:3)
  6 orcs (D:3)
  8 ball pythons
  13 endoplasms
  5 giant cockroaches
  3 goblins
  6 hobgoblins
  3 jackals (D:1)
  9 kobolds
  5 quokkas
  5 bats
  8 frilled lizards
  5 rats
83 creatures vanquished.

Notes
Turn   | Place    | Note
-------+----------+-------------------------------------------
     0 | D:1      | qw the Gargoyle Fighter began the quest for the Orb.
     0 | D:1      | Reached XP level 1. HP: 14/14 MP: 1/1
     0 | D:1      | 0 ||| qw: Version: 0.2-a-12-gaebbb33
     0 | D:1      | 0 ||| qw: Game counter: 1486
     0 | D:1      | 0 ||| qw: Always use a shield: true
     0 | D:1      | 0 ||| qw: God list: Okawaru
     0 | D:1      | 0 ||| qw: Allow faded altars: false
     0 | D:1      | 0 ||| qw: Do Orc after D:15 true
     0 | D:1      | 0 ||| qw: Do second Lair branch before Depths: true
     0 | D:1      | 0 ||| qw: Lair rune preference: random
     0 | D:1      | 0 ||| qw: Plans: Normal, Zot:1-4, God:TSO, Crypt, Tomb,
                  | Pan, Slime:5, Hells, Abyss, Orb
     0 | D:1      | 0 ||| PLANNING D:1-11
    65 | D:1      | Found Guaku's Armour Emporium.
    77 | D:1      | Reached skill level 2 in Axes
    78 | D:1      | 78 ||| SHOPLISTING +1 cloak "Donluwin" {Will+++ rCorr Int-3
                  | Dex+10} (842 gold, have 11).
    78 | D:1      | 78 ||| SHOPLISTING +2 robe of cold resistance (230 gold,
                  | have 11).
    78 | D:1      | 78 ||| SHOPLISTING +3 ring mail of poison resistance (299
                  | gold, have 11).
    78 | D:1      | 78 ||| SHOPLISTING +5 ring mail of True Grit {Fly rCorr
                  | Dex+4} (677 gold, have 11).
   115 | D:1      | 115 ||| Stepping ~*~*~tactically~*~*~ (stealth).
   304 | D:1      | Reached XP level 2. HP: 17/19 MP: 2/2
   487 | D:1      | 487 ||| Stepping ~*~*~tactically~*~*~ (stealth).
   704 | D:1      | Reached skill level 3 in Axes
   776 | D:1      | Reached XP level 3. HP: 23/23 MP: 3/3
   821 | D:1      | 821 ||| Stepping ~*~*~tactically~*~*~ (stealth).
   837 | D:1      | 837 ||| Stepping ~*~*~tactically~*~*~ (stealth).
  1181 | D:1      | 1181 ||| UPGRADING to +1 cloak.
  1186 | D:1      | 1186 ||| UPGRADING to +2 pair of boots.
  1191 | D:1      | 1191 ||| UPGRADING to +0 chain mail.
  1201 | D:1      | 1201 ||| DROPPING +0 scale mail.
  1202 | D:1      | 1202 ||| UPGRADING to ring of positive energy.
  1203 | D:1      | 1203 ||| READING scroll labelled XOQERAU WERHE.
  1204 | D:1      | 1204 ||| DRINKING 2 grey potions.
  1205 | D:1      | 1205 ||| DRINKING 2 lumpy coppery potions.
  1404 | D:2      | Reached XP level 4. HP: 28/28 MP: 4/4
  1482 | D:2      | Reached skill level 4 in Axes
  1646 | D:2      | Found a basalt altar of Yredelemnul.
  2192 | D:2      | 2192 ||| Stepping ~*~*~tactically~*~*~ (stealth).
  2427 | D:2      | 2427 ||| DROPPING amulet of faith.
  2428 | D:2      | 2428 ||| READING 2 scrolls labelled POSMIO DEWIUL.
  2432 | D:2      | 2432 ||| READING scroll labelled OHOCESCH SIPRE.
  2433 | D:2      | 2433 ||| READING 4 scrolls labelled VOWKALA ZEYHEI.
  2503 | D:3      | Noticed Grinder
  2522 | D:3      | 2522 ||| FLEEEEING.
  2523 | D:3      | 2523 ||| FLEEEEING.
  2524 | D:3      | 2524 ||| FLEEEEING.
  2541 | D:3      | Killed Grinder
  2542 | D:3      | Reached skill level 5 in Axes
  2542 | D:3      | Reached XP level 5. HP: 15/32 MP: 5/5
  2542 | D:3      | Reached XP level 6. HP: 18/37 MP: 6/6
  2543 | D:3      | 2543 ||| Stepping ~*~*~tactically~*~*~ (stealth).
  2544 | D:3      | 2544 ||| Stepping ~*~*~tactically~*~*~ (stealth).
  2713 | D:3      | 2713 ||| DROPPING +0 whip.
  2729 | D:3      | Found a faded altar of an unknown god.
  2951 | D:3      | 2951 ||| Stepping ~*~*~tactically~*~*~ (stealth).
  3262 | D:3      | 3262 ||| Stepping ~*~*~tactically~*~*~ (stealth).
  3283 | D:3      | Found a hazy altar of Hepliaklqana.
  3316 | D:3      | 3316 ||| Stepping ~*~*~tactically~*~*~ (stealth).
  3318 | D:3      | 3318 ||| Stepping ~*~*~tactically~*~*~ (hiding).
  3344 | D:3      | 3344 ||| Stepping ~*~*~tactically~*~*~ (hiding).
  3345 | D:3      | 3345 ||| Stepping ~*~*~tactically~*~*~ (hiding).
  3350 | D:3      | HP: 9/38 [orc priest/+0 flail (5)]
  3351 | D:3      | 3351 ||| READING scroll of teleportation.
  3356 | D:3      | Killed from afar by an orc priest

Levels and vault maps discovered:
D:1:      evilmike_arrival_hilbert_curve, layout_basic, serial_shops,
          nicolae_shop_crystal, minmay_tetromino_l4
D:2:      minmay_inner_zag, layout_loops_ring, basic_altar, st_stairs_14,
          kennysheep_flooded_box, minmay_joined_circles
D:3:      layout_basic, worldfamousw_hep_ancestral_shrine, serial_corexii_hall,
          chequers_hall_statues_y, chequers_hall_statues_y,
          shapermc_ecumenical_altar_starsandcircs,
          chequers_serial_rivers_micro_c, uniq_grinder

Skill      XL: |  1  2  3  4 |
---------------+-------------+-----
Axes           | 2 3 5 |  5.9
Fighting       | |  3.6
Armour         | |  3.2
Shields        | |  3.2

Action                   |  1- 3 |  4- 6 || total
-------------------------+-------+-------++-------
Melee: War axe           |   138 |   112 ||   250
Throw: Boomerang         |       |    31 ||    31
  Use: Potion            |     2 |       ||     2
       Scroll            |     1 |     4 ||     5
Armor: Scale mail        |    44 |       ||    44
       Chain mail        |    21 |    53 ||    74
Dodge: Dodged            |    69 |    31 ||   100
Block: Buckler           |    24 |    25 ||    49

Table legend:
 A = Non-vault XP
 B = Vault XP
 C = Vault XP percentage of total XP
 D = Non-vault monster count
 E = Vault monster count
 F = Vault count percentage of total count
                 A         B        C        D         E       F
            +---------+---------+-------+---------+---------+-------
      Total |     142 |     328 |  69.8 |      60 |      23 |  27.7
            +---------+---------+-------+---------+---------+-------
        D:1 |      42 |       8 |  16.0 |      26 |       4 |  13.3
        D:2 |      49 |      43 |  46.7 |      15 |      18 |  54.5
        D:3 |      51 |     277 |  84.5 |      19 |       1 |   5.0
            +---------+---------+-------+---------+---------+-------
